 Dungeon Crawl Stone Soup version 0.27.1-33-g824d729ab1 (webtiles) character file.

Game seed: 6657155868957658369

55 Destapler the Ruffian (level 3, -2/36 HPs)
             Began as a Troll Berserker on Dec 9, 2021.
             Was a Follower of Trog.
             Slain by a gnoll (7 damage)
             ... on level 3 of the Dungeon.
             The game lasted 00:02:24 (1517 turns).

Destapler the Ruffian (Troll Berserker)             Turns: 1517, Time: 00:02:25

Health: -2/36      AC:  4    Str: 25    XL:     3   Next: 67%
Magic:  2/2        EV:  5    Int:  3    God:    Trog [*.....]
Gold:   90         SH:  0    Dex: 10    Spells: 2/2 levels left

rFire    . . .     SeeInvis .     - Unarmed
rCold    . . .     Faith    .   (no shield)
rNeg     . . .     Spirit   .   a - +0 animal skin
rPois    .         Reflect  .   (helmet restricted)
rElec    .         Harm     .   (no cloak)
rCorr    .         Rampage  .   (gloves unavailable)
Will     ++...                  (boots unavailable)
Stlth    +.........             (no amulet)
HPRegen  2.12/turn              (no ring)
MPRegen  0.08/turn              (no ring)

@: strong-willed, held, regenerating
A: large, unfitting armour, claws 3, regeneration 1, shaggy fur 1, tough skin 1
a: Renounce Religion, Berserk


You were on level 3 of the Dungeon.
You worshipped Trog.
Trog was aware of your devotion.
You visited 1 branch of the dungeon, and saw 3 of its levels.

You collected 90 gold pieces.

Inventory:

Armour
 a - a +0 animal skin (worn)
Scrolls
 b - 2 scrolls of identify {unknown}
 c - a scroll of enchant weapon {unknown}
 d - a scroll of teleportation {unknown}
Potions
 e - a potion of degeneration {unknown}
 f - a potion of curing {unknown}


   Skills:
 * Level 2.8 Fighting
 + Level 0.5 Throwing
 + Level 0.7 Armour
 * Level 2.7 Dodging
 + Level 0.3 Shields
 + Level 3.2 Unarmed Combat
 + Level 0.5 Evocations


You had 2 spell levels left.
You didn't know any spells.
Your spell library contained the following spells:

 Spells                   Type           Power      Damage    Failure   Level
 Animate Skeleton         Necr           0%         N/A       52%         1
 Apportation              Tloc           0%         N/A       52%         1
 Corona                   Hex            0%         N/A       52%         1
 Summon Small Mammal      Summ           0%         N/A       52%         1
 Summon Guardian Golem    Hex/Summ       0%         N/A       88%         3
 Orb of Destruction       Conj           0%         N/A       100%        7
 Spellforged Servitor     Conj/Summ      0%         N/A       100%        7


Dungeon Overview and Level Annotations

Branches:
Dungeon (3/15)

Altars:


Innate Abilities, Weirdness & Mutations

You are too large for most types of armour.
You have claws for hands.
Your natural rate of healing is unusually fast.
You are covered in fur. (AC +1)
You have tough skin. (AC +1)


Message History

You kill the ball python!
Trog accepts your kill.
You now have 90 gold pieces (gained 15). 2 gnolls come into view.
The gnoll moves out of view.
A gnoll comes into view. It is wielding a +0 whip.
There are monsters nearby!
A gnoll comes into view. It is wielding a +0 club.
The gnoll shouts! x2
The gnoll barely misses you.
There are monsters nearby!
The gnoll hits you with a +0 spear. x2
There are monsters nearby!
You barely miss the gnoll. The gnoll hits you with a +0 spear. x2
There are monsters nearby!
You closely miss the gnoll. The gnoll hits you with a +0 spear!
The gnoll hits you with a +0 spear.
* * * LOW HITPOINT WARNING * * *
You scratch the gnoll.
The gnoll is lightly wounded.
The gnoll hits you with a +0 spear.
* * * LOW HITPOINT WARNING * * *
The gnoll hits you with a +0 spear.
* * * LOW HITPOINT WARNING * * *
You are too injured to fight recklessly!
You are too injured to fight recklessly!
The gnoll hits you from afar with a +0 spear.
* * * LOW HITPOINT WARNING * * *
The gnoll throws a throwing net.
The throwing net hits you.
You become entangled in the net!
You see here a throwing net.
You struggle against the net.
The gnoll barely misses you.
The gnoll hits you from afar with a +0 spear.
* * * LOW HITPOINT WARNING * * *
Unknown command.
Your skin crawls.
You feel strong-willed.
You can no longer call upon Trog for regeneration and willpower.
The gnoll hits you from afar with a +0 spear!
You die...

#### ###
...#########.### ###
............#..##..
...#######.###.#.###
#.## #.## ##g@.g#
#.# ## #.#g#g......
#.# #.###........
#.# #.# ########
#.####### #.
........# #
#.#####.# #.# #..


You could see 4 gnolls.

Vanquished Creatures
  2 adders (D:2)
  A dart slug (D:1)
  6 ball pythons
  2 bats (D:1)
  2 endoplasms (D:1)
  4 hobgoblins
  7 kobolds
  4 quokkas
  3 frilled lizards
  2 rats
33 creatures vanquished.

Notes
Turn   | Place    | Note
-------+----------+-------------------------------------------
     0 | D:1      | Destapler the Troll Berserker began the quest for the Orb.
     0 | D:1      | Reached XP level 1. HP: 22/22 MP: 0/0
    70 | D:1      | Noticed a shining eye
    77 | D:1      | Noticed a great orb of eyes
    81 | D:1      | Found a faded altar of an unknown god.
    83 | D:1      | Noticed a golden eye
    93 | D:1      | Noticed a golden eye
   129 | D:1      | Reached XP level 2. HP: 29/29 MP: 1/1
   837 | D:2      | Reached XP level 3. HP: 36/36 MP: 2/2
  1093 | D:2      | Reached ** piety under Trog
  1517 | D:3      | Slain by a gnoll

Illustrated notes

Levels and vault maps discovered:
D:1:      roderic_dead_forest, layout_basic,
          hellmonk_ecumenical_altar_watching_god, nrook_mini_backslash
D:2:      layout_loops_ring, kennysheep_generic_room_13
D:3:      layout_loops_ring

Action                   || total
-------------------------++-------
Melee: Unarmed           ||   103
Invok: Trog's Hand       ||     1
 Stab: Sleeping          ||     2
Armor: Animal skin       ||    30
Dodge: Dodged            ||    51
